[Event "9. LGA Premium Cup 2012"]
[Site "Nürnberg"]
[Date "2012.09.08"]
[Round "5.5"]
[White "Danin, Alexandre"]
[Black "Graf, Felix"]
[Result "1-0"]
[WhiteElo "2568"]
[BlackElo "2449"]
[PlyCount "71"]
[EventDate "2012.??.??"]
[WhiteTeam "Schachclub Tornado Wuppertal 199"]
[BlackTeam "FC Bayern München e.V."]
[TimeControl "6000+1500"]

1. e4 e6 2. d4 d5 3. Nc3 Nf6 4. e5 Nfd7 5. f4 c5 6. Nf3 Nc6 7. Be3 Be7 8. Qd2
O-O 9. Be2 b6 10. Nd1 f5 11. c3 a5 12. O-O a4 13. Bf2 cxd4 14. cxd4 a3 15. b3
Ndb8 16. Rc1 Ba6 17. Bxa6 Rxa6 18. Nc3 Qd7 19. Na4 Rc8 20. Rc2 Nb4 21. Rxc8+
Qxc8 22. Rc1 N4c6 23. Ne1 Qb7 24. Nd3 Ra7 25. h3 Qa6 26. g4 Rc7 27. gxf5 exf5
28. Qe3 Rc8 29. Kg2 Kh8 30. Nc3 Rd8 31. Kh2 Nb4 32. Nxb4 Bxb4 33. Na4 b5 34.
Nc5 Qb6 35. Bh4 Re8 36. Qf3 1-0

[Event "9. LGA Premium Cup 2012"]
[Site "Nürnberg"]
[Date "2012.09.08"]
[Round "5.6"]
[White "Zude, Arno"]
[Black "Ikonnikov, Vyacheslav"]
[Result "1/2-1/2"]
[WhiteElo "2446"]
[BlackElo "2525"]
[PlyCount "99"]
[EventDate "2012.??.??"]
[WhiteTeam "SV 1920 Hofheim"]
[BlackTeam "SF Bad Mergentheim"]
[TimeControl "6000+1030"]

1. e4 c5 2. Nf3 Nc6 3. d4 cxd4 4. Nxd4 e5 5. Nb5 d6 6. N1c3 a6 7. Na3 Be7 8.
Nc4 b5 9. Ne3 Nf6 10. g3 O-O 11. Bg2 b4 12. Ncd5 Nxd5 13. Nxd5 Bg5 14. O-O Bxc1
15. Qxc1 a5 16. Qd2 Nd4 17. c3 bxc3 18. bxc3 Ne6 19. Rab1 Nc5 20. Rfd1 Be6 21.
c4 Bxd5 22. Qxd5 Ra6 23. f4 Qc7 24. fxe5 dxe5 25. Rb5 Rc6 26. Bh3 a4 27. Bd7
Nxd7 28. Qxd7 Qxd7 29. Rxd7 Rxc4 30. Rxe5 Rc2 31. Rf5 Rxa2 32. Ra7 g6 33. Rf2
Ra1+ 34. Kg2 a3 35. Rf1 Rxf1 36. Kxf1 Re8 37. Rxa3 Rxe4 38. h4 Kg7 39. Kf2 Kf6
40. Kf3 Re6 41. Ra5 Rb6 42. Kf4 h6 43. Kf3 Rb3+ 44. Kf4 g5+ 45. hxg5+ hxg5+ 46.
Kg4 Rb4+ 47. Kh5 g4 48. Rg5 Rc4 49. Rxg4 Rxg4 50. Kxg4 1/2-1/2

[Event "9. LGA Premium Cup 2012"]
[Site "Nürnberg"]
[Date "2012.09.08"]
[Round "5.7"]
[White "Donchenko, Alexander"]
[Black "Burg, Twan"]
[Result "1/2-1/2"]
[WhiteElo "2395"]
[BlackElo "2485"]
[PlyCount "44"]
[EventDate "2012.??.??"]
[WhiteTeam "SK 1858 Gießen"]
[BlackTeam "Schachklub Turm Emsdetten e.V."]
[TimeControl "6000+175"]

1. d4 d5 2. c4 c6 3. Nf3 Nf6 4. e3 Bg4 5. Qb3 Qb6 6. Nc3 e6 7. Nh4 Bh5 8. h3
Be7 9. g4 Bg6 10. Nxg6 hxg6 11. Bg2 g5 12. Bd2 Nbd7 13. O-O-O Qxb3 14. axb3 Nb6
15. c5 Nbd7 16. b4 a6 17. f4 gxf4 18. exf4 Nf8 19. Rde1 Ng6 20. Rhf1 Nh4 21.
Bh1 Ng6 22. Bg2 Nh4 1/2-1/2

[Event "9. LGA Premium Cup 2012"]
[Site "Nürnberg"]
[Date "2012.09.08"]
[Round "5.8"]
[White "Hector, Jonny"]
[Black "Zelbel, Patrick"]
[Result "1/2-1/2"]
[WhiteElo "2537"]
[BlackElo "2368"]
[PlyCount "138"]
[EventDate "2012.??.??"]
[WhiteTeam "Schachklub Turm Emsdetten e.V."]
[BlackTeam "Schachclub Hansa Dortmund e.V."]
[TimeControl "6000+815"]

1. e4 c5 2. Nf3 d6 3. d4 cxd4 4. Nxd4 Nf6 5. Nc3 g6 6. Be3 Bg7 7. f3 Nc6 8. Bc4
O-O 9. Qe2 Na5 10. Bd3 a6 11. O-O Bd7 12. Rad1 Rc8 13. Qf2 Nc4 14. Bc1 b5 15.
Rfe1 Qb6 16. Bf1 e6 17. h3 b4 18. Nb1 a5 19. b3 Ne5 20. Be3 Qb7 21. Qh4 Ne8 22.
a4 d5 23. exd5 exd5 24. Bh6 Nc6 25. Nb5 Na7 26. Nxa7 Qxa7+ 27. Be3 Qb7 28. Qf2
Nd6 29. Bc5 Qc6 30. Bd4 Bxd4 31. Qxd4 Be6 32. Bd3 Nf5 33. Qf2 Qc5 34. Rd2 Rc7
35. g4 Qxf2+ 36. Kxf2 Nd6 37. Rde2 Rfc8 38. Nd2 Kg7 39. Nf1 d4 40. Rd2 Rc3 41.
Ng3 Nb7 42. Ne2 Rxd3 43. Rxd3 Rxc2 44. Rc1 Rxc1 45. Nxc1 Nc5 46. Rxd4 Nxb3 47.
Rd1 Nc5 48. Ne2 Bb3 49. Rg1 Bxa4 50. Ke3 Bb3 51. Rc1 Ne6 52. Nd4 Nxd4 53. Kxd4
a4 54. Kc5 a3 55. Kxb4 Bd5 56. Kxa3 Bxf3 57. Rc3 Be2 58. Kb2 Kf6 59. Re3 Bc4
60. Kc3 Be6 61. Kd2 Kg5 62. Ke2 h5 63. gxh5 Kxh5 64. Kf2 Kh4 65. Kg2 g5 66.
Re4+ g4 67. Kh2 Kg5 68. hxg4 Bxg4 69. Kg3 Be6 1/2-1/2

[Event "9. LGA Premium Cup 2012"]
[Site "Nürnberg"]
[Date "2012.09.09"]
[Round "6.1"]
[White "Romanov, Evgeny"]
[Black "Baramidze, David"]
[Result "1/2-1/2"]
[WhiteElo "2590"]
[BlackElo "2606"]
[PlyCount "33"]
[EventDate "2012.??.??"]
[WhiteTeam "Sportfreunde Katernberg 1913 e.V"]
[BlackTeam "SV Hockenheim"]
[TimeControl "5400+1045"]

1. c4 e6 2. g3 Nf6 3. Bg2 d5 4. Nf3 dxc4 5. Qa4+ Nbd7 6. Qxc4 a6 7. Qb3 c5 8.
a4 Rb8 9. a5 b5 10. axb6 Nxb6 11. d3 Bd6 12. O-O O-O 13. Nbd2 Bb7 14. Nc4 Bd5
15. Qc2 Nxc4 16. dxc4 Be4 17. Qc3 1/2-1/2

[Event "9. LGA Premium Cup 2012"]
[Site "Nürnberg"]
[Date "2012.09.09"]
[Round "6.2"]
[White "Wagner, Dennis"]
[Black "Danin, Alexandre"]
[Result "1/2-1/2"]
[WhiteElo "2445"]
[BlackElo "2568"]
[PlyCount "35"]
[EventDate "2012.??.??"]
[WhiteTeam "SV Hockenheim"]
[BlackTeam "Schachclub Tornado Wuppertal 199"]
[TimeControl "6000+750"]

1. d4 d5 2. c4 c6 3. Nc3 Nf6 4. e3 g6 5. Nf3 Bg7 6. Be2 O-O 7. O-O dxc4 8. Bxc4
Bg4 9. h3 Bxf3 10. Qxf3 Nbd7 11. Rd1 e5 12. d5 e4 13. Nxe4 Nxe4 14. Qxe4 Nb6
15. d6 Re8 16. Qc2 Nxc4 17. Qxc4 Re6 18. d7 1/2-1/2

[Event "9. LGA Premium Cup 2012"]
[Site "Nürnberg"]
[Date "2012.09.09"]
[Round "6.3"]
[White "Epishin, Vladimir"]
[Black "Ikonnikov, Vyacheslav"]
[Result "1-0"]
[WhiteElo "2579"]
[BlackElo "2525"]
[PlyCount "115"]
[EventDate "2012.??.??"]
[WhiteTeam "Lübecker SV von 1873"]
[BlackTeam "SF Bad Mergentheim"]
[TimeControl "6000+720"]

1. d4 Nf6 2. c4 e6 3. Nf3 Bb4+ 4. Bd2 a5 5. g3 b6 6. Bg2 Bb7 7. O-O O-O 8. Bf4
Be7 9. Nc3 Ne4 10. Qc2 Nxc3 11. bxc3 Qc8 12. e4 d6 13. Rfe1 Nd7 14. Rad1 a4 15.
h4 Re8 16. Bh3 Bf8 17. d5 e5 18. Be3 Qd8 19. Kg2 Bc8 20. Rh1 Be7 21. Qe2 Nf6
22. Nd2 Bxh3+ 23. Rxh3 Qc8 24. Bg5 Nd7 25. Nf1 Nc5 26. Qf3 a3 27. Bxe7 Rxe7 28.
h5 Qf8 29. Ne3 f6 30. Rh4 Kf7 31. Qf5 Qg8 32. Rg4 g6 33. hxg6+ hxg6 34. Qf3 Rf8
35. Nf5 Ke8 36. Nxe7 Kxe7 37. Rh4 f5 38. exf5 Rxf5 39. Qe3 Nd7 40. Rdh1 Nf6 41.
Rf4 Kf7 42. Rf3 Qc8 43. Rxf5 Qxf5 44. Qf3 Ke7 45. Qxf5 gxf5 46. f3 e4 47. Rh4
b5 48. cxb5 Nxd5 49. fxe4 Nxc3 50. exf5 Kf6 51. Rb4 d5 52. g4 Nxa2 53. Rb3 d4
54. b6 cxb6 55. Rxb6+ Kf7 56. Rb3 Nc1 57. Rxa3 d3 58. Ra6 1-0

[Event "9. LGA Premium Cup 2012"]
[Site "Nürnberg"]
[Date "2012.09.09"]
[Round "6.4"]
[White "Svane, Rasmus"]
[Black "Nyzhnyk, Illya"]
[Result "0-1"]
[WhiteElo "2397"]
[BlackElo "2614"]
[PlyCount "32"]
[EventDate "2012.??.??"]
[WhiteTeam "Hamburger SK von 1830 eV"]
[BlackTeam "Schachgemeinschaft Porz e.V."]
[TimeControl "6000+1300"]

1. d4 Nf6 2. c4 g6 3. Nc3 Bg7 4. e4 d6 5. Nf3 O-O 6. Be2 e5 7. O-O Nc6 8. d5
Ne7 9. b4 c6 10. dxc6 Nxc6 11. Rb1 Be6 12. Be3 Rc8 13. Ng5 Nd4 14. Nxe6 fxe6
15. Bxd4 exd4 16. Qxd4 Nd5 0-1

[Event "9. LGA Premium Cup 2012"]
[Site "Nürnberg"]
[Date "2012.09.09"]
[Round "6.5"]
[White "Heimann, Andreas"]
[Black "Donchenko, Alexander"]
[Result "0-1"]
[WhiteElo "2490"]
[BlackElo "2395"]
[PlyCount "80"]
[EventDate "2012.??.??"]
[WhiteTeam "OSG Baden-Baden"]
[BlackTeam "SK 1858 Gießen"]
[TimeControl "5400+905"]

1. Nf3 d5 2. g3 Nf6 3. Bg2 g6 4. c4 c6 5. b3 Bg7 6. Bb2 O-O 7. O-O Nbd7 8. d4
Ne4 9. Nbd2 Ndf6 10. Nxe4 Nxe4 11. Nd2 Nf6 12. e3 Bf5 13. Qe2 Rc8 14. Rfc1 Qd6
15. a4 Rfe8 16. a5 a6 17. Ba3 Qb8 18. f4 Bg4 19. Qd3 Bf5 20. Qe2 Bg4 21. Qf2
Bf5 22. h3 h5 23. Rc3 Rc7 24. Rac1 Rcc8 25. Qe2 Bf8 26. Bc5 e5 27. cxd5 exd4
28. Bxd4 Nxd5 29. Bxd5 cxd5 30. Be5 Rxc3 31. Bxc3 Qa7 32. Qf2 Rxe3 33. Kh2 Bd3
34. Re1 Bc5 35. b4 Rxe1 36. Qxe1 Be3 37. Nf3 Be4 38. Ng5 Bf2 39. Qd1 Bxg3+ 40.
Kxg3 Qe3+ 0-1

[Event "9. LGA Premium Cup 2012"]
[Site "Nürnberg"]
[Date "2012.09.09"]
[Round "6.6"]
[White "Burg, Twan"]
[Black "Zude, Arno"]
[Result "0-1"]
[WhiteElo "2485"]
[BlackElo "2446"]
[PlyCount "116"]
[EventDate "2012.??.??"]
[WhiteTeam "Schachklub Turm Emsdetten e.V."]
[BlackTeam "SV 1920 Hofheim"]
[TimeControl "6000+860"]

1. e4 e5 2. Nf3 Nc6 3. Bc4 Bc5 4. O-O Nf6 5. d3 d6 6. c3 O-O 7. Nbd2 a6 8. Bb3
Ba7 9. Re1 Be6 10. Nf1 Qd7 11. Ng3 Kh8 12. h3 Ng8 13. Be3 Nge7 14. Bxa7 Rxa7
15. d4 exd4 16. cxd4 Bxb3 17. Qxb3 d5 18. e5 Nd8 19. Qe3 h6 20. Nd2 Nf5 21. Qa3
Ne7 22. f4 Kg8 23. Qd3 f5 24. e6 Qd6 25. Nf3 Rf6 26. Nh5 Rxe6 27. Rxe6 Qxe6 28.
Re1 Qf7 29. Ng3 Ndc6 30. Ne5 Nxe5 31. Rxe5 g6 32. Qa3 Nc6 33. Qc5 Ra8 34. Rxd5
Re8 35. h4 Qe6 36. Qc4 Na5 37. Qe2 Qxe2 38. Nxe2 Rxe2 39. Rxa5 Rxb2 40. h5 Rb5
41. Ra4 gxh5 42. Rc4 c6 43. a4 Rb2 44. d5 cxd5 45. Rd4 Ra2 46. Rxd5 Rxa4 47.
Rd8+ Kf7 48. Rd7+ Ke6 49. Rxb7 Kd5 50. Rb6 a5 51. g3 Ra2 52. Rxh6 a4 53. Rxh5
Ke4 54. g4 fxg4 55. f5 Kf3 56. f6 Ra1+ 57. Kh2 g3+ 58. Kh3 Rh1# 0-1

[Event "9. LGA Premium Cup 2012"]
[Site "Nürnberg"]
[Date "2012.09.09"]
[Round "6.7"]
[White "Zude, Erik"]
[Black "Pezerovic, Edin"]
[Result "1/2-1/2"]
[WhiteElo "2395"]
[BlackElo "2459"]
[PlyCount "160"]
[EventDate "2012.??.??"]
[WhiteTeam "SV 1920 Hofheim"]
[BlackTeam "Münchener SC 1836 e.V."]
[TimeControl "6000+810"]

1. d4 d5 2. c4 c6 3. Nf3 Nf6 4. Nc3 a6 5. a4 Bf5 6. g3 e6 7. Bg2 Bd6 8. O-O h6
9. b3 Nbd7 10. Bb2 a5 11. Nd2 O-O 12. Qc1 Re8 13. Re1 Bb4 14. Na2 Bd6 15. Nc3
Bb4 16. Rd1 Qe7 17. h3 c5 18. e4 dxe4 19. Ncxe4 cxd4 20. Bxd4 e5 21. Be3 Rac8
22. Nxf6+ Nxf6 23. g4 Bd3 24. g5 hxg5 25. Bxg5 e4 26. Nf1 Qe6 27. Ng3 Nh7 28.
Bd2 Bc5 29. Be3 Be7 30. Qc3 b6 31. Nh5 Bf6 32. Nxf6+ Nxf6 33. Rd2 Nh5 34. Rad1
Qf5 35. Rxd3 exd3 36. Qxd3 Qf6 37. Qd4 Rcd8 38. Bd5 Qxd4 39. Bxd4 Rd6 40. Be3
Red8 41. Kh2 Nf6 42. Bf4 Re6 43. Rd2 Nxd5 44. cxd5 Re7 45. Rd4 Rb7 46. Kg2 b5
47. Bd2 bxa4 48. bxa4 Rbd7 49. Bxa5 Rxd5 50. Rxd5 Rxd5 51. Bb6 Rd3 52. a5 Ra3
53. f3 f6 54. Kg3 Kf7 55. Kg2 Ke6 56. Kg3 Kf5 57. Bc7 Ra2 58. Bb6 Kg5 59. Bd8
Ra4 60. Bc7 Kh5 61. Bd8 f5 62. h4 Rd4 63. Bb6 Rxh4 64. a6 Ra4 65. a7 g5 66. Kg2
Ra2+ 67. Kg3 Kg6 68. Bd4 Kf7 69. Bb6 Kg6 70. Bd4 Kh5 71. Bb6 Ra3 72. Bc5 f4+
73. Kg2 Ra2+ 74. Kh3 Kg6 75. Kg4 Ra1 76. Bd4 Ra2 77. Bf2 Kh6 78. Bc5 Ra5 79.
Be7 Kg6 80. a8=Q Rxa8 1/2-1/2

[Event "9. LGA Premium Cup 2012"]
[Site "Nürnberg"]
[Date "2012.09.09"]
[Round "6.8"]
[White "Appel, Helmut"]
[Black "Renner, Christoph"]
[Result "0-1"]
[WhiteElo "2212"]
[BlackElo "2452"]
[PlyCount "62"]
[EventDate "2012.??.??"]
[WhiteTeam "TSV Kareth-Lappersdorf"]
[BlackTeam "FC Bayern München e.V."]
[TimeControl "6000+1140"]

1. e4 e5 2. Nf3 Nc6 3. Bc4 Bc5 4. Nc3 d6 5. Na4 Bg4 6. Nxc5 dxc5 7. d3 Qf6 8.
Bg5 Qd6 9. h3 Bh5 10. g4 Bg6 11. Nh4 f6 12. Be3 Nge7 13. Qd2 O-O-O 14. O-O-O
Kb8 15. f4 Rhf8 16. Rdf1 Bf7 17. Bxf7 Rxf7 18. fxe5 Nxe5 19. Qc3 b6 20. Rf2 Qe6
21. Kb1 N7c6 22. Rhf1 Rfd7 23. Nf5 Nxd3 24. cxd3 Rxd3 25. Nd4 R8xd4 26. Bxd4
Nb4 27. b3 Rxc3 28. Bxc3 Qxe4+ 29. Ka1 Nd5 30. Rf3 a5 31. Bd2 Qd4+ 0-1

[Event "9. LGA Premium Cup 2012"]
[Site "Nürnberg"]
[Date "2012.09.09"]
[Round "7.1"]
[White "Epishin, Vladimir"]
[Black "Romanov, Evgeny"]
[Result "1/2-1/2"]
[WhiteElo "2579"]
[BlackElo "2590"]
[PlyCount "30"]
[EventDate "2012.??.??"]
[WhiteTeam "Lübecker SV von 1873"]
[BlackTeam "Sportfreunde Katernberg 1913 e.V"]
[TimeControl "6000+550"]

1. d4 d5 2. c4 dxc4 3. e4 Nf6 4. e5 Nd5 5. Bxc4 Nb6 6. Bb3 Nc6 7. Ne2 Bf5 8.
Nbc3 e6 9. O-O Qd7 10. Be3 O-O-O 11. a4 Bb4 12. Bc2 Bxc2 13. Qxc2 Nd5 14. Nxd5
Qxd5 15. Rad1 Qa5 1/2-1/2

[Event "9. LGA Premium Cup 2012"]
[Site "Nürnberg"]
[Date "2012.09.09"]
[Round "7.2"]
[White "Nyzhnyk, Illya"]
[Black "Renner, Christoph"]
[Result "1-0"]
[WhiteElo "2614"]
[BlackElo "2452"]
[PlyCount "61"]
[EventDate "2012.??.??"]
[WhiteTeam "Schachgemeinschaft Porz e.V."]
[BlackTeam "FC Bayern München e.V."]
[TimeControl "6000+955"]

1. d4 f5 2. Bg5 g6 3. Nd2 Nh6 4. Ngf3 Nf7 5. Bh4 Bg7 6. e4 fxe4 7. Nxe4 O-O 8.
Be2 d5 9. Ned2 Nc6 10. c3 Qe8 11. O-O e5 12. dxe5 Ncxe5 13. Re1 Qc6 14. Qb3 Bd7
15. Rad1 Kh8 16. Nf1 Nc4 17. Rxd5 Qxd5 18. Bxc4 Qf5 19. Ne3 Qf4 20. Bg3 Qf6 21.
Nd5 Qf5 22. Nxc7 Rac8 23. Nd4 Bxd4 24. cxd4 h5 25. h4 g5 26. Bd3 Qf6 27. Qd5
Bc6 28. hxg5 Qg7 29. Qc5 h4 30. Ne6 Qg8 31. Be5+ 1-0

[Event "9. LGA Premium Cup 2012"]
[Site "Nürnberg"]
[Date "2012.09.09"]
[Round "7.3"]
[White "Baramidze, David"]
[Black "Wagner, Dennis"]
[Result "1-0"]
[WhiteElo "2606"]
[BlackElo "2445"]
[PlyCount "57"]
[EventDate "2012.??.??"]
[WhiteTeam "SV Hockenheim"]
[BlackTeam "SV Hockenheim"]
[TimeControl "6000+1575"]

1. c4 g6 2. d4 Nf6 3. Nc3 d5 4. Nf3 Bg7 5. Bf4 O-O 6. e3 c5 7. dxc5 Qa5 8. Rc1
dxc4 9. Bxc4 Qxc5 10. Qe2 Nc6 11. O-O Nh5 12. Bc7 Be6 13. Bxe6 fxe6 14. Rfd1
Rac8 15. Bg3 Nxg3 16. hxg3 Qa5 17. Rd7 b5 18. Qxb5 Qxb5 19. Nxb5 Bxb2 20. Rb1
Bf6 21. Nxa7 Nxa7 22. Rxa7 Rc2 23. g4 g5 24. e4 h5 25. e5 Bxe5 26. Nxe5 Rfxf2
27. Rb8+ Kg7 28. Rxe7+ Kf6 29. Rf7+ 1-0

[Event "9. LGA Premium Cup 2012"]
[Site "Nürnberg"]
[Date "2012.09.09"]
[Round "7.4"]
[White "Danin, Alexandre"]
[Black "Zude, Arno"]
[Result "1/2-1/2"]
[WhiteElo "2568"]
[BlackElo "2446"]
[PlyCount "125"]
[EventDate "2012.??.??"]
[WhiteTeam "Schachclub Tornado Wuppertal 199"]
[BlackTeam "SV 1920 Hofheim"]
[TimeControl "6000+1715"]

1. e4 e5 2. Nf3 Nc6 3. d4 exd4 4. Nxd4 Nf6 5. Nxc6 bxc6 6. e5 Qe7 7. Qe2 Nd5 8.
c4 Nb6 9. Nd2 a5 10. g3 a4 11. Bg2 Qe6 12. Rb1 Bb4 13. b3 axb3 14. axb3 O-O 15.
O-O d5 16. Nf3 Bd7 17. Bf4 h6 18. Rfc1 c5 19. cxd5 Nxd5 20. Bd2 Ra2 21. Qd3 c6
22. Rc2 Rfa8 23. Bxb4 cxb4 24. Rxa2 Rxa2 25. Re1 Qe7 26. Qc4 Be6 27. Qxc6 Qa7
28. Rf1 Nc3 29. Qd6 Bd5 30. Qxb4 Ne2+ 31. Kh1 Qa8 32. Nh4 Ra1 33. Re1 Nd4 34.
Bxd5 Qxd5+ 35. Ng2 Nc2 36. Qb8+ Kh7 37. Rxa1 Nxa1 38. Qd6 Qe4 39. Qd1 Qxe5 40.
Qb1+ g6 41. b4 Qc3 42. b5 Nb3 43. h4 Nd2 44. Qe1 Qd4 45. Qe2 Ne4 46. Ne3 Qb4
47. Qf3 f5 48. h5 Qxb5 49. hxg6+ Kxg6 50. g4 Qb1+ 51. Kg2 fxg4 52. Qf5+ Kg7 53.
Qd7+ Kg6 54. Qe8+ Kg7 55. Qe7+ Kg6 56. Nxg4 Ng5 57. Qd6+ Kf7 58. Ne5+ Kg7 59.
Qe7+ Kg8 60. Qe8+ Kg7 61. Qe7+ Kg8 62. Qe8+ Kg7 63. Qe7+ 1/2-1/2

[Event "9. LGA Premium Cup 2012"]
[Site "Nürnberg"]
[Date "2012.09.09"]
[Round "7.5"]
[White "Donchenko, Alexander"]
[Black "Braun, Arik"]
[Result "0-1"]
[WhiteElo "2395"]
[BlackElo "2557"]
[PlyCount "78"]
[EventDate "2012.??.??"]
[WhiteTeam "SK 1858 Gießen"]
[BlackTeam "SC Eppingen"]
[TimeControl "6000+700"]

1. d4 Nf6 2. Nf3 e6 3. c4 c5 4. dxc5 Bxc5 5. e3 b6 6. a3 Bb7 7. Be2 Be7 8. O-O
O-O 9. Nbd2 Qc7 10. b3 d6 11. Bb2 Nbd7 12. Nd4 a6 13. Bf3 Rfc8 14. Rc1 Rab8 15.
Qe2 Bf8 16. h3 e5 17. Bxb7 Qxb7 18. Nf5 b5 19. cxb5 axb5 20. e4 g6 21. Ng3 Bh6
22. Rxc8+ Rxc8 23. Qd3 Nc5 24. Qf3 Kg7 25. Rd1 Bxd2 26. Rxd2 Nfxe4 27. Rxd6
Nxd6 28. Bxe5+ Kf8 29. Bxd6+ Kg8 30. Qf6 Nd7 31. Qd4 Qb6 32. Qf4 Qc6 33. Kh2
Qd5 34. Qb4 Rc2 35. Ne4 f5 36. Qa5 Qe6 37. Qd8+ Kg7 38. Bf8+ Nxf8 39. Qd4+ Kg8
0-1

[Event "9. LGA Premium Cup 2012"]
[Site "Nürnberg"]
[Date "2012.09.09"]
[Round "7.6"]
[White "Hector, Jonny"]
[Black "Fedorovsky, Michael"]
[Result "1-0"]
[WhiteElo "2537"]
[BlackElo "2401"]
[PlyCount "55"]
[EventDate "2012.??.??"]
[WhiteTeam "Schachklub Turm Emsdetten e.V."]
[BlackTeam "SC Tarrasch 45 München"]
[TimeControl "6000+1635"]

1. e4 c5 2. Nf3 d6 3. d4 cxd4 4. Nxd4 Nf6 5. Nc3 g6 6. Be3 Bg7 7. Be2 Nc6 8.
Qd2 O-O 9. O-O-O Nxd4 10. Bxd4 Be6 11. g4 Qa5 12. g5 Nd7 13. Bxg7 Kxg7 14. a3
Rfc8 15. h4 Rab8 16. h5 b5 17. Rh4 b4 18. Nd5 Bxd5 19. exd5 Qc5 20. axb4 Qxf2
21. Rdh1 Rh8 22. Rf4 Qg2 23. h6+ Kf8 24. Rhf1 Ne5 25. Kb1 Rc8 26. R4f2 Qe4 27.
Ba6 Rb8 28. Rf4 1-0

[Event "9. LGA Premium Cup 2012"]
[Site "Nürnberg"]
[Date "2012.09.09"]
[Round "7.7"]
[White "Kunin, Vitaly"]
[Black "Zude, Erik"]
[Result "1-0"]
[WhiteElo "2511"]
[BlackElo "2395"]
[PlyCount "129"]
[EventDate "2012.??.??"]
[WhiteTeam "Freibauer Mörlenbach-Birkenau"]
[BlackTeam "SV 1920 Hofheim"]
[TimeControl "6000+1090"]

1. d4 Nf6 2. c4 g6 3. Nc3 Bg7 4. e4 d6 5. h3 O-O 6. Nf3 e5 7. d5 Nh5 8. Nh2 Qe8
9. Be2 Nf4 10. Bf3 f5 11. g3 Nxh3 12. Bg2 Qf7 13. Bxh3 fxe4 14. Nxe4 Bxh3 15.
Ng4 Qf5 16. Rxh3 Qxe4+ 17. Qe2 Qg2 18. Rh4 c6 19. Bg5 cxd5 20. O-O-O d4 21. Bh6
Bxh6+ 22. Nxh6+ Kg7 23. Ng4 Nd7 24. Qd2 Rf7 25. Qh6+ Kg8 26. Rdh1 Nf8 27. Qg5
Qf3 28. Nh6+ Kg7 29. Nxf7 Qxf7 30. f4 Re8 31. b3 a5 32. Rf1 Ne6 33. Qh6+ Kg8
34. f5 gxf5 35. Rh5 Qg6 36. Rfxf5 Qxh6+ 37. Rxh6 e4 38. Rd5 Kg7 39. Rh4 Nc5 40.
Rxd4 Re6 41. Kd1 Rg6 42. Ke2 h6 43. Kf2 Kf7 44. Rd5 Rf6+ 45. Ke2 Rg6 46. g4 b6
47. Rdh5 Kg7 48. Ke3 Rf6 49. Rf5 Rg6 50. Rf4 Re6 51. Rh5 Kg6 52. Rhf5 a4 53. b4
Nd3 54. Rxe4 Rxe4+ 55. Kxe4 Nxb4 56. a3 Nc2 57. Rd5 Nxa3 58. Kd3 Kf7 59. Rxd6
b5 60. c5 Nc4 61. Rxh6 a3 62. Kc3 a2 63. Ra6 Ne5 64. Rxa2 Nxg4 65. Kb4 1-0

[Event "9. LGA Premium Cup 2012"]
[Site "Nürnberg"]
[Date "2012.09.09"]
[Round "7.8"]
[White "Pezerovic, Edin"]
[Black "Szabo, Bence"]
[Result "0-1"]
[WhiteElo "2459"]
[BlackElo "2348"]
[PlyCount "68"]
[EventDate "2012.??.??"]
[WhiteTeam "Münchener SC 1836 e.V."]
[BlackTeam "HUN"]
[TimeControl "6000+510"]

1. d4 Nf6 2. Bg5 d5 3. Nf3 c6 4. e3 Bg4 5. c4 e6 6. Qb3 Nbd7 7. Nc3 Qb6 8. h3
Bh5 9. Bd3 Be7 10. c5 Qxb3 11. axb3 Bxf3 12. gxf3 a6 13. f4 Ng8 14. Rg1 g6 15.
Ke2 Bxg5 16. Rxg5 Ne7 17. f3 f6 18. Rg2 e5 19. Kd2 exd4 20. exd4 f5 21. Re2 Kf7
22. Re3 Rhe8 23. Ra4 Ng8 24. Rb4 Rab8 25. Na4 Rxe3 26. Kxe3 a5 27. Rb6 Nxb6 28.
cxb6 Nf6 29. Kd2 Nh5 30. Nc5 Nxf4 31. Nd7 Rd8 32. Ne5+ Ke6 33. Ba6 Rb8 34. Bf1
Nh5 0-1